Map: Newkirk Precinct TE (Void)

Players

Fropez

  • Race: Protoss Protoss
  • League: Gold
  • Spawn Location: 7:00

Yenni - Winner!

  • Race: Terran Terran
  • League: Gold
  • Spawn Location: 5:00

VOD

Have the link to the VOD?

Description

Time

  • Played on: Dec. 31, 2016, 3:44 p.m.
  • Length: 12:47
Show
View Real Time Build Order
Export as new Build Order

Fropez Protoss 

Build Orders:  

Get SALT Encoding   

  12  0:01  Probe (Chrono Boost)  
  13  0:11  Probe (Chrono Boost)  
  14  0:18  Pylon  
  14  0:23  Probe (Chrono Boost)  
  15  0:37  Gateway  
  15  0:40  Probe (Chrono Boost)  
  16  0:50  Probe (Chrono Boost)  
  16  0:56  Assimilator  
  17  1:01  Probe (Chrono Boost)  
  18  1:10  Pylon, Assimilator  
  18  1:12  Probe (Chrono Boost)  
  19  1:22  Probe (Chrono Boost)  
  20  1:35  Pylon  
  20  1:38  Cybernetics Core  
  20  1:39  Probe (Chrono Boost)  
  21  1:45  Pylon  
  21  1:49  Probe (Chrono Boost)  
  22  1:56  Gateway  
  22  2:00  Probe (Chrono Boost)  
  23  2:02  Warp Gate  
  23  2:17  Mothership Core (Chrono Boost)  
  23  2:18  Adept  
  27  2:41  Twilight Council  
  27  2:43  Adept  
  29  2:44  Pylon  
  29  2:46  Adept  
  32  2:52  Probe (Chrono Boost)  
  32  3:05  Probe (Chrono Boost)  
  33  3:10  Adept  
  35  3:13  Adept  
  35  3:17  Probe (Chrono Boost)  
  36  3:27  Pylon  
  39  3:52  Resonating Glaives  
  35  4:12  Adept, Stalker  
  31  4:30  Probe (Chrono Boost)  
  32  4:34  Nexus  
  32  4:39  Dark Shrine  
  32  4:42  Probe (Chrono Boost)  
  33  4:51  Robotics Facility  
  34  4:54  Probe (Chrono Boost)  
  34  4:55  Pylon  
  34  5:04  Pylon  
  34  5:06  Probe (Chrono Boost)  
  35  5:10  Stalker x2  
  39  5:18  Pylon, Probe (Chrono Boost)  
  40  5:26  Gateway  
  40  5:30  Probe (Chrono Boost)  
  40  5:34  Stalker  
  43  5:37  Warp Prism  
  45  5:48  Adept  
  47  5:52  Probe (Chrono Boost)  
  48  6:11  Pylon  
  48  6:13  Observer  
  48  6:16  Gateway  
  49  6:30  Adept x3  
  55  6:36  Stalker x3  
  51  6:56  Observer  
  50  7:02  Gateway  
  46  7:11  Dark Templar  
  46  7:13  Dark Templar  
  50  7:26  Dark Templar  
  36  7:52  Dark Templar x3  
  32  8:08  Probe (Chrono Boost)  
  33  8:15  Gateway x2  
  34  8:20  Probe (Chrono Boost), Forge  
  34  8:27  Dark Templar  
  34  8:30  Nexus  
  36  8:34  Pylon  
  36  8:36  Pylon  
  36  8:46  Probe (Chrono Boost)  
  36  8:48  Archon  
  37  8:49  Dark Templar  
  37  8:55  Dark Templar  
  41  8:58  Probe (Chrono Boost)  
  41  8:59  Archon  
  43  9:10  Probe (Chrono Boost)  
  43  9:18  Protoss Ground Weapons Level 1  
  44  9:24  Probe (Chrono Boost)  
  44  9:31  Zealot x3  
  44  9:37  Probe (Chrono Boost)  
  51  9:43  Stalker  
  53  9:49  Probe (Chrono Boost)  
  54  9:53  Assimilator  
  50  10:24  Dark Templar x2  
  50  10:35  Assimilator  
  49  10:58  Charge  
  49  11:15  Nexus  
  49  11:16  Probe (Chrono Boost)  
  49  11:17  Probe (Chrono Boost)  
  51  11:19  Assimilator  
  51  11:23  Assimilator  
  51  11:26  Probe (Chrono Boost)  
  51  11:27  Pylon  
  51  11:29  Probe (Chrono Boost)  
  51  11:31  Pylon  
  53  11:41  Probe (Chrono Boost)  
  53  11:42  Probe (Chrono Boost)  
  53  11:46  Zealot x3  
  61  11:53  Observer  
  62  12:01  Probe (Chrono Boost)  
  62  12:02  Probe (Chrono Boost)  
  62  12:09  Gateway  
  62  12:11  Zealot  
  62  12:12  Probe (Chrono Boost)  
  62  12:14  Probe (Chrono Boost)  
  65  12:22  Probe (Chrono Boost)  
  65  12:27  Zealot  
Show
View Real Time Build Order
Export as new Build Order

Yenni Terran - Winner!

Build Orders: Cyclone Opening, MMM Bio 

Get SALT Encoding   

  12  0:00  SCV  
  13  0:12  SCV  
  14  0:18  Supply Depot  
  14  0:25  SCV  
  15  0:29  Refinery  
  15  0:40  SCV  
  16  0:46  Barracks  
  16  0:52  SCV  
  17  0:57  Refinery  
  17  1:04  SCV  
  18  1:16  SCV  
  19  1:32  Orbital Command  
  19  1:34  Factory  
  19  1:38  Barracks Reactor  
  19  1:47  Supply Depot  
  19  1:58  SCV  
  20  2:10  SCV  
  21  2:22  SCV  
  22  2:26  Cyclone x2  
  28  2:33  Supply Depot  
  28  2:34  SCV  
  29  2:41  Engineering Bay  
  29  2:46  SCV  
  30  2:57  Widow Mine x2  
  34  2:58  SCV  
  35  3:11  SCV  
  36  3:19  Starport, Missile Turret  
  36  3:21  Barracks Tech Lab  
  36  3:23  SCV  
  37  3:35  SCV  
  38  3:47  SCV  
  39  4:07  SCV, Supply Depot  
  39  4:11  Command Center  
  39  4:19  SCV  
  37  4:34  Cyclone  
  37  4:35  Cyclone  
  37  4:36  Barracks Tech Lab  
  43  4:39  Banshee  
  43  4:40  SCV  
  47  4:47  Supply Depot  
  47  4:49  Supply Depot  
  47  4:57  Stimpack  
  47  5:08  SCV, Cyclone x2  
  54  5:20  SCV  
  55  5:29  Cloaking Field  
  55  5:31  Banshee  
  55  5:33  SCV  
  59  5:36  Supply Depot  
  59  5:45  Cyclone  
  59  5:46  Orbital Command  
  59  5:48  SCV  
  63  5:59  Refinery  
  63  6:00  SCV  
  63  6:01  Refinery  
  63  6:02  Missile Turret  
  64  6:10  Cyclone  
  67  6:12  SCV  
  67  6:15  SCV  
  67  6:17  Cyclone  
  72  6:24  SCV  
  73  6:27  SCV  
  74  6:36  SCV  
  74  6:39  SCV  
  76  6:42  Cyclone  
  79  6:53  SCV x2  
  78  7:05  SCV x2  
  80  7:17  SCV x2  
  79  7:22  Barracks  
  79  7:23  Barracks x2  
  79  7:24  Engineering Bay  
  79  7:25  Barracks  
  79  7:29  SCV  
  57  8:11  Barracks  
  57  8:16  SCV x2, Missile Turret  
  57  8:17  Barracks  
  59  8:23  Barracks Tech Lab x2  
  59  8:24  Barracks Reactor x2  
  59  8:25  Combat Shields  
  59  8:28  SCV x2  
  61  8:40  SCV x2  
  61  8:41  Starport Reactor  
  63  8:52  SCV, Cyclone x2  
  63  8:53  SCV  
  71  8:59  Supply Depot  
  71  9:00  Supply Depot  
  71  9:01  Supply Depot, Terran Infantry Weapons Level 1, Terran Infantry Armor Level 1  
  71  9:03  Supply Depot  
  71  9:11  Barracks Reactor x2  
  71  9:19  Marine x2  
  71  9:20  Marine x2, Marauder x3  
  71  9:22  Supply Depot  
  81  9:24  Cyclone x2  
  81  9:26  Supply Depot x2  
  81  9:27  Supply Depot  
  81  9:28  Supply Depot  
  87  9:33  Medivac  
  87  9:37  Marine x3  
  92  9:38  Marine  
  92  9:41  Marine x3  
  92  9:44  Concussive Shells  
  96  9:49  Marine x2  
  96  9:50  Marine, Command Center  
  99  9:55  Marine x3  
  99  9:56  Marine  
  99  9:59  Marauder  
  89  10:45  Marine x4  
  89  10:46  Marine x3, Marauder x3  
  89  10:48  Medivac  
  89  10:49  Medivac  
  103  11:04  Armory  
  103  11:07  Marauder  
  103  11:08  Missile Turret x2  
  103  11:09  Orbital Command  
  105  11:15  Missile Turret  
  105  11:18  Medivac  
  105  11:19  Medivac  
  105  11:20  Marine x4  
  105  11:21  Marine x6  
  119  11:28  Marine  
  117  11:35  SCV  
  117  11:36  SCV x2  
  117  11:38  Marine x3  
  122  11:42  Refinery  
  122  11:45  Refinery  
  122  11:48  SCV x3  
  125  12:09  SCV x2  
Tags
 
Composition
MMM Bio
League
GoldGold
Matchup
PvT
Replay Pack
All Mines
Spawn Locations
Close Positions
Add a new tag
Caveats
  • Supply blocks, unpowered buildings, or Contaminate may cause inaccurate times.
  • Supply counts are checked every 10 seconds.